[Event "Tata Steel-A 80th"]
[Site "Wijk aan Zee"]
[Date "2018.01.27"]
[Round "12"]
[White "Hou, Yifan"]
[Black "Wei, Yi"]
[Result "1/2-1/2"]
[ECO "C42"]
[WhiteElo "2680"]
[BlackElo "2743"]
[Annotator "Fernandez,D"]
[PlyCount "89"]
[EventDate "2018.01.13"]
[EventType "tourn"]
[EventRounds "13"]
[EventCountry "NED"]
[EventCategory "20"]
[SourceTitle "CBM 183"]
[Source "ChessBase"]
[SourceDate "2018.03.14"]
[SourceVersion "1"]
[SourceVersionDate "2018.03.14"]
[SourceQuality "1"]
[TimeControl "40/6000+30:20/3000+30:900+30"]

1. e4 e5 2. Nf3 Nf6 3. Nxe5 d6 4. Nf3 Nxe4 5. Nc3 (5. c4 Nc6 {can, as we
now know, lead to a quick repetition of moves...}) 5... Nxc3 (
5... Nf6 $5 {was weakly recommended in my analysis to the first round- White
needs to get an idea or two and then he is better.}) 6. dxc3 Be7 7. Be3 {[%emt 0:00:08] Interestingly, this is the same
system chosen against Hou Yifan herself by Anish Giri.} Nc6 8.
Qd2 {[%emt 0:00:06] Trying to make do without Anish's Bd3 and head directly
for Bb5xc6 to inflict on her opponent the structure that caused her so much
trouble back in round 1!} (8. Bd3 Be6 9. Qe2 Bf6 10. O-O-O Qe7 11. Kb1 a6 12.
Rhe1 O-O-O 13. h3 Rhe8 14. g4 h6 15. Nd2 $1 $14 {Now White is probably a tiny
bit better in practical terms, but obviously an incredible amount of technique
is needed before White can think about winning. Nevertheless he did in Giri,
A-Hou,Y, Tata Steel Masters 2018.}) 8... Be6 9. O-O-O Bf6 (9... Qd7 {was the main move, and in fact
this was used in a previous Wei Yi game - I wonder what the problem was?} 10.
Kb1 a6 11. h3 O-O-O 12. Be2 Bf6 13. Nd4 Bxd4 14. cxd4 d5 15. g4 f6 16. Rdg1 Na7
17. Rg3 Kb8 18. h4 h6 19. Bf4 g5 20. Be3 Nc8 21. f4 Nd6 22. Qb4 gxh4 23. Rxh4
f5 24. g5 {1/2-1/2 (24) Vallejo Pons,F (2705)-Li,C (2741) Palma de Mallorca
2017}) (9... O-O {is not a bad move, but Black will need a plan for dealing
with the slow kingside attack from White:} 10. Bd3 Qd7 11. h4 Rad8 $6 12. Ng5
Bf5 13. g4 $40) 10. Kb1 Qd7 11. Bg5 {[%emt 0:
06:55] Pointing out a problem with the moves ...Bf6 and ... Qd7 in conjunction
(...Qe7 would not have had this problem, but it would have made Nd4 look more
convincing, so perhaps the issue lies with ...Bf6.)} (11. Ng5 Bxg5 12. Bxg5 f6
13. Bf4 O-O-O $11 {is the stereotyped continuation from both sides, when White
is well advised to not develop her f1-bishop quickly, or else it will simply
be harrassed.}) (11. h4 O-O-O 12. Nd4 Bxd4 $5 13. cxd4 d5 {Li,C-Wei,Y China
2017 led to the kind of position that the present event is making me
re-evaluate as closer to 'equal' than +/=.}) 11... Bxg5 12.
Nxg5 O-O-O 13. Nxe6 Qxe6 14. Bb5 Qf5 $146 (14... Rde8
15. Rhe1 Qf5 16. Bxc6 bxc6 17. Re3 Rxe3 18. Qxe3 Kd7 19. Re1 Qe6 20. Qc1 Qg4
21. Qe3 Qe6 22. Qc1 Qg4 23. Qe3 {1/2-1/2 (23) Yu,Y (2675)-Bu,X (2693) Danzhou
2014}) 15. Bxc6 bxc6 {[%emt 0:00:07] Mission accomplished,
kind of. White is now slightly better by virtue of pawn-islands, and it looks
very likely that we will reach a queen ending again!} 16. Rhe1 Rhe8 17. f3 c5 18. b3 $14 Kb7 19. Re2 (19. Kb2 $5)
19... Re6 20. Rxe6 fxe6 21.
Re1 e5 {[%emt 0:10:40] Reaching a position which is similar
in essence to Jones-Hou, except White is not a pawn down here.} 22. Qd5+ c6 23. Qd2 Kc7 24. Re4 Qd7 25. f4 {[%emt 0:11:54] In
principle a good break to have made, but maybe White should have concentrated
a bit more on the front she had open first.} (25. Qd3 $14 {kept probing.})
25... exf4 26. Qe2 Qf5 27.
Ra4 Kb8 28. Qa6 Qd7 29. Rxf4 Re8 30. Kb2 h6 31. Qd3 (31. h4 {was a
good idea - none of Black's pieces has much mobility and White can try and
arrange b4!? at a good time - or else just push kingside pawns until Black
feels he has to do something.}) 31... Kb7 32. h4 Re6 33. Rf8 Re7 34. g4 (34. Qg3 {keeps Black more tied down.}) 34... d5 35. g5 $6 {[%emt 0:05:17] Now Black equalises with...} hxg5 36. hxg5 Rf7 $11 {[%emt 0:00:15] ...since the position
is a little bit too open. Black can try to get counterplay based on the f-file
and diagonals a1-h8/ b1-h7 as indeed he proceeds to do.} 37. Rg8 Re7 38. Rf8 Rf7 39. Rh8 Qd6 40. Qh3 d4 41. Re8 (41. Qc8+ Kb6 42. Qb8+ Qxb8 43. Rxb8+ Kc7 44. Rg8
{might offer some small chances.}) 41... Rf2 {[%emt 0:22:18] Brave play -
Black has calculated all the necessary checks and attacking moves from White.
Now the ideas like ...d3 and ...Rxc2 force White to take real evasive action.}
42. Qd3 Rg2 43. cxd4 Qxd4+ 44. Qxd4 cxd4 45. Re7+ 1/2-1/2

[Event "Tata Steel-A 80th"]
[Site "Wijk aan Zee"]
[Date "2018.01.27"]
[Round "12"]
[White "Jones, Gawain C B"]
[Black "Mamedyarov, Shakhriyar"]
[Result "1/2-1/2"]
[ECO "C42"]
[WhiteElo "2640"]
[BlackElo "2804"]
[PlyCount "23"]
[EventDate "2018.01.13"]
[EventType "tourn"]
[EventRounds "13"]
[EventCountry "NED"]
[EventCategory "20"]
[SourceTitle "CBM 183"]
[Source "ChessBase"]
[SourceDate "2018.03.14"]
[SourceVersion "1"]
[SourceVersionDate "2018.03.14"]
[SourceQuality "1"]
[TimeControl "40/6000+30:20/3000+30:900+30"]

1. e4 e5 2. Nf3 Nf6 3. Nxe5 d6 4. Nf3 Nxe4 5. c4 Nc6 6.
Nc3 Nxc3 7. dxc3 g6 8. Bg5 Be7 9. Bh6 Bf8 10. Bg5 Be7 11.
Bh6 Bf8 12. Bg5 1/2-1/2

[Event "Tata Steel-A 80th"]
[Site "Wijk aan Zee"]
[Date "2018.01.27"]
[Round "12"]
[White "Svidler, Peter"]
[Black "Karjakin, Sergey"]
[Result "1/2-1/2"]
[ECO "A07"]
[WhiteElo "2768"]
[BlackElo "2753"]
[PlyCount "62"]
[EventDate "2018.01.13"]
[EventType "tourn"]
[EventRounds "13"]
[EventCountry "NED"]
[EventCategory "20"]
[SourceTitle "CBM 183"]
[Source "ChessBase"]
[SourceDate "2018.03.14"]
[SourceVersion "1"]
[SourceVersionDate "2018.03.14"]
[SourceQuality "1"]
[TimeControl "40/6000+30:20/3000+30:900+30"]

1. Nf3 d5 2. g3 c6 3. Bg2 Nf6 4. O-O Bg4 5. h3 Bh5 6. d4 e6 7. c4 Nbd7 8. cxd5 exd5 9. Ne5 Ne4 10. Nd2 Nxd2 11. Bxd2 Nxe5 12. dxe5 Bc5 13. Kh2 O-O 14. Rc1 Qe7 15. g4 Bg6 16. f4 f5 17. Qb3 Rad8 18. gxf5 Bxf5 19. Rxc5 Qxc5 20. e4 Bg6 21. Bb4 Qc4 22. f5 Bh5 23. Bxf8 Qxb3 24. axb3 Kxf8 25. exd5 cxd5 26. Kg3 d4 27. Bf3 Bxf3 28. Kxf3 d3 29. Rd1 d2 30. Ke3 Rd5 31. Ke4 Rd8 1/2-1/2

[Event "Tata Steel-A 80th"]
[Site "Wijk aan Zee"]
[Date "2018.01.28"]
[Round "13"]
[White "Adhiban, Baskaran"]
[Black "Kramnik, Vladimir"]
[Result "0-1"]
[ECO "C26"]
[WhiteElo "2655"]
[BlackElo "2787"]
[Annotator "Fernandez,D"]
[PlyCount "110"]
[EventDate "2018.01.13"]
[EventType "tourn"]
[EventRounds "13"]
[EventCountry "NED"]
[EventCategory "20"]
[SourceTitle "CBM 183"]
[Source "ChessBase"]
[SourceDate "2018.03.14"]
[SourceVersion "1"]
[SourceVersionDate "2018.03.14"]
[SourceQuality "1"]
[TimeControl "40/6000+30:20/3000+30:900+30"]

1. e4 e5 2. Nc3 Nf6 3. g3 Bc5 4. Bg2 c6 5. Nge2 (5. Nf3 {looks a bit
inconsistent, but may be White's best attempt at trying to use every wrinkle
in the position.} d5 6. Nxe5 (6. d3 d4 7. Ne2 Nbd7 8. O-O O-O 9. h3 {is just a
standard King's Indian Attack}) 6... dxe4 7. d3 $5 Bxf2+ 8. Kxf2 Qd4+ 9. Kf1 $5
({After} 9. Be3 Qxe5 10. h3 (10. Bf4 $11 {is just a repetition}) 10... exd3 11.
Qxd3 O-O 12. Rhe1 $44 {White has full compensation for the missing material.})
9... Qxe5 10. Bf4 Qd4 11. Nxe4 O-O $132) 5... d5 6. exd5 cxd5 7. d4 exd4 8. Nxd4 O-O 9. O-O Bg4 10. Nde2 {[%emt 0:00:07] A standard-looking move, unleashing
some kind of pressure against the d5-pawn, but here the pawn is free to
advance, which was what White should have tried to avoid.} (10. Qd3 Bxd4 11.
Qxd4 Nc6 12. Qc5 d4 13. Ne4 Nxe4 14. Bxe4 Re8 $11 {at least gives White the
bishop pair in exchange for Black's dynamism.}) 10... Qc8 {[%emt 0:01:13]
Perceptively played.} ({After the immediate} 10... d4 {there is a slight
problem with} 11. h3 $1 (11. Na4 Qe8 12. Nxc5 Bxe2 13. Qe1 Nc6 $44) 11... Bxh3
12. Bxh3 dxc3 13. Qxd8 Rxd8 14. Nxc3 Nc6 15. Bf4 $14 {Here Kramnik would have
risked losing the exact same type of game which he won yesterday.}) 11. Bg5 {
[%emt 0:01:05] On this move and indeed the next few Adhiban plays extremely
well.} (11. Be3 $6 d4 $5 12. Bxd4 Rd8 13. Qd3 Nc6 14. Bxc6 Qxc6 $11 {is
unpleasant for White, but playable if he jumps through a few more hoops.})
11... d4 12. Na4 Be7 13. Qd3 h6 14. Bxf6 Bxf6 15. Nf4 (15. Nxd4 $6 Rd8 16. Qb3 $1 $11 {clings to
equality tactically, but this is hard to calculate.}) 15... Nc6 (15... Nd7 $11 {was marginally more accurate.}) 16. Nd5 Be5 17. Qb5 Bd6 18. Nc5 Bxc5 19. Qxc5 {[%emt 0:00:05] Suddenly the
bishop pair is gone and Black should think about equality.} Re8 (19... Bh3 {should have been almost an impulse for a Catalan player like
Vladimir Kramnik!}) 20. b4 $14 Kh8 21. Rfe1 Qf5 22. Nc7 Rxe1+ 23. Rxe1 Rd8 (23... Rc8 {prevents
White's strong next move because} 24. Ne8 Qxc5 25. bxc5 Nb4 $132 {gives Black
too much play.}) 24. Ne8 $1 (24. Re8+ Rxe8 25. Nxe8 Kg8 26.
Nd6 Qxc5 27. bxc5 $14 {is also good for White, but a bit less convincing.})
24... Qxc5 25. bxc5 Be6 26.
Nd6 Rd7 27. a3 {[%emt 0:04:54] The first
hesitation.} (27. Rb1 Bxa2 28. Rxb7 Rxb7 29. Nxb7 $16 {would have left Black
in a lot of trouble.}) 27... Rc7 28. Nb5 Rc8 29. Nd6 Rc7 30. f4 g6 31. Nb5 {[%emt 0:00:05] The second hesitation,
seemingly looking for another move repetition.} Rd7 32. Nd6 Na5 {[%emt 0:02:35] But Kramnik is mentally tough enough to
not take it, even though his position is far from being better.} 33. Rb1 (33. Nxb7 Rxb7 34. Bxb7 Nxb7 35. c6 Nd6 {might have occupied a
fair bit of White's time, and while the position isn't technically winning as
such, Black certainly faces more challenges after} 36. Rd1 $14 {because he
will be unable to hold the d-pawn.}) 33... Rc7 34. Rb5 b6 $11 {[%emt 0:01:00] Just like that, the advantage is gone.}
35. Rxa5 $2 {[%emt 0:00:48] Imaginative, but not correct.} ({It was a good
time for} 35. cxb6 axb6 36. Rb2 Nc4 37. Nxc4 Rxc4 38. Be4 f5 39. Bd3 (39. Rxb6
fxe4 40. Rxe6 e3 $36) 39... Rc6 40. Rb4 Rd6 $11) 35... bxa5 36. c6 a6 {[%emt 0:01:58] The point is that between this move
and ...Re7, Black is able to both discourage Nb5 ideas and hold off the White
king.} 37. Kf2 (37. a4 Re7 38. Nb5 axb5 39. axb5 a4 $19) 37...
Re7 38. a4 Kg8 39. Ne4 (39. Nb5 axb5 40. axb5 a4 41. b6 Bc8 42. b7 Bxb7 43. cxb7 Re8
44. Bc6 Rb8 45. Bxa4 Rxb7 $19) 39... Kf8 40. Nd6 Bg4 (40... Bf5 {was marginally faster.}) 41. Be4 h5 42. h4 f6 {[%emt 0:09:40]
Asking for a move from White.} 43. Bxg6 (43. Bd3 Rc7 44. Be4
Ke7 45. Nc4 f5 46. Bg2 Bd1 $19) 43... Re2+ 44. Kf1 Re6 45. Nb7 Rxc6 46.
Nxa5 Rc3 $19 {[%emt 0:01:10] The front c-pawn being dead, the
game is now over. A curious feature of this tournament, first in variations
and now in an actual game, seems to be nearly-trapped White knights on a5.} 47.
Nb3 Rc4 48. Bd3 Rxa4 49. Kf2 a5 50. Ke1 Be6 51. Nc5 Ra1+ 52.
Kf2 Bf7 53. Kf3 a4 54. Ke4 a3 55. Kxd4 Rd1 0-1

[Event "Tata Steel-A 80th"]
[Site "Wijk aan Zee"]
[Date "2018.01.28"]
[Round "13"]
[White "Caruana, Fabiano"]
[Black "Svidler, Peter"]
[Result "1/2-1/2"]
[ECO "C89"]
[WhiteElo "2811"]
[BlackElo "2768"]
[PlyCount "59"]
[EventDate "2018.01.13"]
[EventType "tourn"]
[EventRounds "13"]
[EventCountry "NED"]
[EventCategory "20"]
[SourceTitle "CBM 183"]
[Source "ChessBase"]
[SourceDate "2018.03.14"]
[SourceVersion "1"]
[SourceVersionDate "2018.03.14"]
[SourceQuality "1"]
[TimeControl "40/6000+30:20/3000+30:900+30"]

1. e4 e5 2. Nf3 Nc6 3. Bb5 a6 4. Ba4 Nf6 5. O-O Be7 6. Re1 b5 7. Bb3 O-O 8. c3 d5 9. exd5 Nxd5 10. Nxe5 Nxe5 11. Rxe5 c6 12. d3 Bd6 13. Re1 Bf5 14. Qf3 Qh4 15. g3 Qh3 16. Be3 Bxd3 17. Nd2 Qf5 18.
Bd4 Rfe8 19. a4 h6 20. Qxf5 Bxf5 21. Nf3 Be6 22. Be5 Bc5 23. Nd4 Bxd4 24. Bxd4 Nf4 25. Bxe6 Nxe6 26. Be3 Nc7 27. Kg2 Nd5 28. Kf3 Nxe3 29. Rxe3 Kf8 30. h4 1/2-1/2

[Event "Tata Steel-A 80th"]
[Site "Wijk aan Zee"]
[Date "2018.01.28"]
[Round "13"]
[White "Karjakin, Sergey"]
[Black "Carlsen, Magnus"]
[Result "1/2-1/2"]
[ECO "C88"]
[WhiteElo "2753"]
[BlackElo "2834"]
[Annotator "Fernandez,D"]
[PlyCount "67"]
[EventDate "2018.01.13"]
[EventType "tourn"]
[EventRounds "13"]
[EventCountry "NED"]
[EventCategory "20"]
[SourceTitle "CBM 183"]
[Source "ChessBase"]
[SourceDate "2018.03.14"]
[SourceVersion "1"]
[SourceVersionDate "2018.03.14"]
[SourceQuality "1"]
[TimeControl "40/6000+30:20/3000+30:900+30"]

1. e4 e5 2. Nf3 Nc6 3. Bb5 a6 4. Ba4 Nf6 5. O-O Be7 6. Re1 b5 7. Bb3 O-O 8. a4 {[%emt 0:00:07] No Breyer today.} b4 (8... Bb7 {
is more popular, but I have never understood the appeal of developing the
bishop to a diagonal that will remain closed, in the case when the Breyeresque
...c5-c4 is still some moves off.} 9. d3 d6 10. Nc3 {is White's point; Black's
queenside pawns will not be permitted to advance abreast. The best he might be
able to do is} Na5 11. Ba2 b4 12. Ne2 c5 13. Ng3 g6 (13... Bc8 14. c3 Rb8 15.
d4 $36 {Duda,J-Najer,E Czech Republic 2017}) 14. h3 {when White appears to
have extra tempi in his kingside attack, compared to most systems with an
early d3.}) (8... Rb8 {is slightly compliant: after} 9. axb5 axb5 10. c3 d6 11.
d4 {Black lacks the usual recourse of ...Na5 in the line} exd4 12. cxd4 Bg4 13.
Be3 {so might have to make do with} d5 14. e5 Ne4 15. h3 Bh5 16. Nc3 $36 {
; furthermore, 13.Nc3!? might be unexpectedly strong in spite of the doubled
f-pawns.}) 9. d4 (9. a5 d6 10. d3 Be6 11. Bxe6 fxe6 12. Nbd2 {
led to a nice win for Magnus himself in Carlsen,M-Aronian,L Saint Louis 2017;
one wonders where the improvement was?}) (9. d3 d6 10. Nbd2 Na5 11. Ba2 c5 12.
c3 Rb8 {is now fine for Black, who has not wasted time on ...Bb7 unlike in the
8...Bb7 line.}) 9... d6 10. dxe5 Nxe5 11. Nxe5 (11. Nbd2 Ned7 $5 {was an unusual
method of pressuring e4, but a successful one:} 12. Nd4 Bb7 13. c3 bxc3 14.
bxc3 Nc5 15. Bc2 Re8 16. f3 Nfd7 17. a5 d5 $11 {Nakamura, H-Svidler,P Saint
Louis 2017}) 11... dxe5 12. Qe2 a5 {[%emt 0:
00:49] Possibly still affected by his own experience on the White side,
Carlsen decides to avoid White's a5-ideas.} (12... Bc5 {is of course fine
immediately.}) 13. Nd2 Bc5 14. Nf3 Qe7 15. Be3 Ba6 16.
Bxc5 Qxc5 17. Qe3 Qxe3 18. Rxe3 Rfe8 $11 {[%emt 0:02:35] Initially
this position looked to me to be slightly nicer for White, but this isn't
really the case. In fact, Black may have more ideas in the position, and in
the long term has the better bishop, so it would not surprise me if he was
vaguely thinking about winning here.} 19. c3 (19. h3 c5 20.
Rd1 c4 21. Ba2 Kf8 $132 {is hard to get enthused about from the White side,
especially if we remember Adhiban-Carlsen from round 2.}) 19... Ng4 20. Ng5 {[%emt 0:06:14] Simplifying quickly lest he end up worse.} Nxe3 21. Bxf7+ Kf8 22. Bxe8 Rxe8 23. fxe3 bxc3 24. bxc3 h6 25. Nf3 Bd3 26. Rd1 Bxe4 27. Rd7 {
[%emt 0:00:11] Continuing to force pieces off, because if White plays slowly
the bishop will be superior.} Re7 28. Rd8+ (
28. Rxe7 Kxe7 29. Nxe5 Ke6 30. Nc4 Kd5 31. Nxa5 Bc2 {leads to an odd position
where White is a pawn up but only he is taking risks.}) 28... Kf7 29. Nd2 Bc6 30. Nc4 Ke6 31. Nxa5 Bxa4 32. Nb7 Re8 (32... Bd7 {might be a try if Black is
desperate to play on.} 33. e4 (33. Nc5+ Kd6 34. Ne4+ Kc6 35. Kf2 Be8 $132)
33... Rf7 34. Nc5+ Kd6 35. Nd3 c5 $132 {Objectively this might be nothing for
Black, and so there is no reason to go for it, especially if one has looked at
Anish Giri's game and concluded he is unlikely to win.}) 33. Nc5+ Kf6 34. Rxe8 $11 {[%emt 0:01:04] Unlike the previous
note, here White gets to play Na6 immediately, and thus seal up the whole
position.} 1/2-1/2